 Dungeon Crawl Stone Soup version 0.31.0-32-g396128a36d (webtiles) character file.

Game seed: 13590554203199127818

11 H0rd4k the Charlatan (level 2, -1/18 HPs)
             Began as an Octopode Artificer on Apr 16, 2024.
             Slain by a kobold
             ... wielding a +0 short sword
              (4 damage)
             ... on level 1 of the Dungeon.
             The game lasted 00:00:26 (270 turns).

H0rd4k the Charlatan (Octopode Artificer)            Turns: 270, Time: 00:00:27

Health: -1/18      AC:  1    Str: 11    XL:     2   Next: 25%
Magic:  2/2        EV: 13    Int: 13    God:
Gold:   32         SH:  0    Dex: 12    Spells: 1/1 levels left

rFire   . .          .
                       - Unarmed
rCold   . . .        (no shield)
rNeg    . . .        (helmet restricted)
rPois   .            (no amulet)
rElec   .            (no ring)
rCorr   .            (no ring)
SInv    .            (no ring)
Will    .....        (no ring)
Stlth   +++          (no ring)
HPRegen 0.23/turn    (no ring)
MPRegen 0.08/turn    (no ring)
                     (no ring)

%: no passive effects
@: no status effects
A: almost no armour, amphibious, 8 rings, camouflage 1, gelatinous body 1,
(nimble swimmer 1), tentacles
a: no special abilities


You were on level 1 of the Dungeon.
You visited 1 branch of the dungeon, and saw 1 of its levels.

You collected 32 gold pieces.

Inventory:

Wands
 b - a wand of flame (15) (quivered)
 c - a wand of charming (15)
 d - a wand of iceblast (5)
Scrolls
 a - a scroll of amnesia {unknown}
 e - a scroll of revelation {unknown}
 g - a scroll of enchant armour {unknown}
 h - a scroll of enchant weapon {unknown}
Potions
 f - a potion of enlightenment {unknown}


   Skills:
 + Level 1.5 Fighting
 - Level 2.3 Dodging
 - Level 1.3 Stealth
 + Level 1.3 Unarmed Combat
 - Level 3.2 Evocations


You had one spell level left.
You didn't know any spells.
Your spell library was empty.

Dungeon Overview and Level Annotations

Branches:
Dungeon (1/15)

Altars:


Innate Abilities, Weirdness & Mutations

You cannot wear most types of armour.
You are amphibious.
You can wear up to eight rings at the same time.
Your skin changes colour to match your surroundings (Stealth+).
Your rubbery body absorbs attacks. (AC +1, EV +1)
((You are camouflaged when in or above water. (Stealth+)))
You have tentacles for arms and can constrict up to eight enemies at once.


Message History

You open the door.
There is an open door here.
A ball python and a bat come into view.
There are monsters nearby!
A kobold comes into view. It is wielding a +0 short sword.
The kobold shouts!
The bat closely misses you.
There are monsters nearby!
The bat hits you. The bat barely misses you.
There are monsters nearby!
You closely miss the bat. Your grab misses the bat. The bat misses you.
The bat hits you but does no damage. The ball python bites you.
The ball python grabs you. The ball python constricts you. The bat hits you.
The ball python bites you. The ball python constricts you.
There are monsters nearby!
You tentacle-slap the ball python but do no damage.
You grab the ball python. You constrict the ball python.
The bat barely misses you. The bat hits you but does no damage.
The ball python bites you but does no damage.
The ball python constricts you.
There are monsters nearby!
There are monsters nearby!
There are monsters nearby!
You tentacle-slap the ball python.
You kill the ball python!
The bat barely misses you.
You tentacle-slap the kobold but do no damage.
Your grab misses the kobold. Your squeeze misses the kobold.
The kobold hits you with a +0 short sword.
The bat hits you.
* * * LOW HITPOINT WARNING * * *
There are monsters nearby!
You are too injured to fight recklessly!
The bat misses you. The kobold attacks as it pursues you!
The kobold hits you with a +0 short sword.
* * * LOW HITPOINT WARNING * * *
You tentacle-slap the kobold. Your grab misses the kobold.
The kobold is heavily wounded.
The kobold hits you with a +0 short sword.
You die...

# ## .######
#################
.......
.......@Kb.......
#######
#########.†..###
....... ..#
###..#### #######
#.# #...##
#########.# ##.###
...[...##.# #..#
.......##.####'####
.......##.#.......#
.[......#.#.......#


You could see a bat and a kobold.

Vanquished Creatures
  2 ball pythons (D:1)
  A giant cockroach (D:1)
  A goblin (D:1)
  A hobgoblin (D:1)
  4 bats (D:1)
  A kobold (D:1)
  A rat (D:1)
11 creatures vanquished.

Notes
Turn   | Place    | Note
-------+----------+-------------------------------------------
     0 | D:1      | H0rd4k the Octopode Artificer began the quest for the Orb.
     0 | D:1      | Reached XP level 1. HP: 13/13 MP: 1/1
   185 | D:1      | Reached skill level 1 in Unarmed Combat
   185 | D:1      | Reached XP level 2. HP: 13/18 MP: 2/2
   270 | D:1      | Slain by a kobold

Illustrated notes

Levels and vault maps discovered:
D:1:      eino_arrival_cavern_d, layout_basic, st_stairs_13, minmay_heptomino_d4

Skill      XL: |  1 |
---------------+----+-----
Unarmed Combat | 1 |  1.3
Fighting       | |  1.5
Dodging        | |  2.3
Stealth        | |  1.3
Evocations     | |  3.2

Action                     || total
---------------------------++-------
  Melee: Unarmed           ||    34
         Constrict         ||     7
         Tentacles         ||     3
   Stab: Sleeping          ||     1
 Armour: Skin              ||    33
  Dodge: Dodged            ||    34
